 Dungeon Sprint DCSS version 0.30-a0-4-ga7cffc901d (webtiles) character file.

Game seed: 3250497535843140199

16629 mhtbhm the Ninja (level 12, -9/62 HPs)
             Began as a Spriggan Brigand on Aug 21, 2022.
             Was the Champion of Dithmenos.
             Mangled by Chuck (31 damage)
             ... in the Dungeon (Sprint III: "The Ten Rune Challenge").
             The game lasted 00:13:08 (2112 turns).

mhtbhm the Ninja (Spriggan Brigand)                 Turns: 2112, Time: 00:13:09

Health: -9/62      AC:  5    Str:  3    XL:     12   Next: 11%
Magic:  23/23      EV: 24    Int: 13    God:    Dithmenos [******]
Gold:   415        SH:  0    Dex: 21    Spells: 11/11 levels left

rFire   + . .      SeeInvis +    a - +5 quick blade
rCold   + + .      Faith    .    (no shield)
rNeg    . . .      Spirit   .    b - +2 robe {Will+}
rPois   .          Reflect  .    (helmet restricted)
rElec   .          Harm     .    c - +0 cloak
rCorr   .          Rampage  .    (gloves unavailable)
Will    +++..      NoTele   +    (boots unavailable) Stlth *********+
                                 (no amulet)
HPRegen 1.00/turn                q - ring "Uxiwud" {+Blink rF+ rC++ Str-4 Slay+4}
MPRegen 0.18/turn                (no ring)

@: flying, wreathed by umbra, very quick
A: very small, no large weapons, unfitting armour, see invisible, speed 3,
regeneration 1
a: Renounce Religion, Evoke Blink, Shadow Step, Shadow Form


You were in the Dungeon.
You worshipped Dithmenos.
Dithmenos was exalted by your worship.
You visited 1 branch You collected 2998 gold pieces.
You spent 2583 gold pieces at shops.

Inventory:

Hand Weapons
 a - a +5 quick blade (weapon)
Missiles
 d - 7 poisoned darts
 e - 11 curare-tipped darts (quivered)
 m - 3 boomerangs
 o - 2 silver boomerangs
Armour
 b - a +2 robe of willpower (worn)
 c - a +0 cloak (worn)
Jewellery
 q - the ring "Uxiwud" (left hand) {+Blink rF+ rC++ Str-4 Slay+4}
   (You bought it in a shop in the Dungeon)

   [ring of slaying]

   Str:       It affects your strength (-4).
   Slay:      It affects your accuracy & damage with ranged weapons and melee
   (+4).
   rF:        It protects you from fire.
   rC:        It greatly protects you from cold.
   +Blink:    It lets you blink.
Wands
 x - a wand of iceblast (9)
Scrolls
 k - 2 scrolls of blinking
 r - a scroll of identify {unknown}
 w - a scroll of immolation
Potions
 g - 2 potions of heal wounds
 h - 2 potions of haste
 i - 2 potions of magic
 j - a potion of berserk rage
 l - a potion of cancellation {unknown}
 n - a potion of invisibility
 p - 2 potions of flight
 s - 5 potions of mutation
 u - 2 potions of might
Miscellaneous
 t - a phantom mirror
 v - a phial of floods


   Skills:
 + Level 6.7 Fighting
 + Level 11.9 Short Blades
 + Level 15.6 Throwing
 + Level 9.0 Dodging
 O Level 27 Stealth
 * Level 13.4 Invocations
 + Level 7.2 Evocations


You had 11 spell levels left.
You didn't know any spells.
Your spell library contained the following spells:

 Spells                   Type           Power      Damage    Failure   Level
 Magic Dart               Conj           0%         1d3       30%         1
 Necrotise                Necr           0%         1d4       30%         1
 Searing Ray              Conj           0%         2d4       43%         2
 Vampiric Draining        Necr           0%         2d6       67%         3
 Fulminant Prism          Conj/Hex       0%         3d6       97%         4
 Agony                    Necr           0%         N/A       100%        5


Dungeon Overview and Level Annotations

Branches:
Dungeon (1/1)

Altars:
Cheibriados
Dithmenos
Elyvilon
Fedhas
Gozag
Hepliaklqana
Kikubaaqudgha
Makhleb
Nemelex Xobeh
Okawaru
Qazlal
Ru
Sif Muna
Trog
Uskayaw
Vehumet
Wu Jian
Xom
Yredelemnul
Zin
The Shining One
Jiyva
Lugonu

Shops:
D !=?(((?(!:[*

Annotations:
D Chuck


Innate Abilities, Weirdness & Mutations

You are very small and have problems with some larger weapons.
You are too small for most types of armour.
You have supernaturally acute eyesight. (SInv)
You cover ground extremely quickly. (Speed+++)
Your natural rate of healing is unusually fast.


Message History

Chuck hits you!
You hit Chuck but do no damage.
Chuck is severely wounded.
Your shadow hits Chuck but does no damage.
You hit Chuck but do no damage.
Chuck is severely wounded.
Your shadow hits Chuck but does no damage.
You hit Chuck but do no damage.
Chuck is severely wounded.
Your shadow hits Chuck but does no damage.
The slime creature closely misses you.
You barely miss Chuck.
Chuck is severely wounded.
Your shadow hits Chuck but does no damage.
You hit Chuck.
Chuck is severely wounded.
Chuck hits you!!
Ouch! That really hurt!
You emit a cloud of dark smoke.
You hit Chuck but do no damage.
Chuck is severely wounded.
The slime creature closely misses you.
You hit Chuck but do no damage.
Chuck is severely wounded.
Your shadow hits Chuck but does no damage.
You hit Chuck.
Chuck is severely wounded.
Your shadow barely misses Chuck.
Unknown command.
You hit Chuck but do no damage.
Chuck is severely wounded.
Your shadow hits Chuck but does no damage.
The slime creature completely misses you.
You hit Chuck.
Chuck is almost dead.
Your shadow hits Chuck but does no damage.
Chuck says, "Big rocks, small rocks, huge rocks!
Magic rocks!"
Chuck hits you!!
Ouch! That really hurt!
You die...

##########
§=:$§(§C#
§§≈≈≈§§@#
§.....§.J#
§....§§§§#
...J.§§§.#
###############'##
)..#|†§#[.#......#
...#..§#..#..PPP.#
#'###'##..#..P...#
.......'..#...PP.#


You could see Chuck (very poisoned, slow) and a slime creature.

Vanquished Creatures
  Frances (D)
  Donald (D)
  A fire dragon (D)
  A yaktaur captain (D)
  4 dancing weapons (D)
  2 centaur warriors (D)
  Erica (D)
  2 orc high priests (D)
  A shock serpent (shapeshifter) (D)
  An obsidian statue (D)
  A deep elf pyromancer (D)
  An orc knight (D)
  4 crystal guardians (D)
  An orc sorcerer (D)
  3 ugly things (D)
  An unseen horror (D)
  4 spriggan defenders (D)
  2 slime creatures (D)
  3 wandering mushrooms (D)
  A shadow (D)
  An orc warrior (D)
  2 centaurs (D)
  An earth elemental (D)
  A necrophage (D)
  A scorpion (D)
  A water elemental (D)
  5 orc priests (D)
  A jelly (D)
  A wizard (D)
  Jessica (D)
  A necromancer (D)
  An orc wizard (D)
  3 humans (D)
  A kobold demonologist (D)
  10 orcs (D)
  An endoplasm (D)
  A bat (D)
  2 rats (D)
71 creatures vanquished.

Vanquished Creatures (others)
  2 bushes (D)
  12 plants (D)
14 creatures vanquished.

Grand Total: 85 creatures vanquished

Notes
Turn   | Place    | Note
-------+----------+-------------------------------------------
     0 | D        | mhtbhm the Spriggan Brigand began the quest for the Orb.
     0 | D        | Reached XP level 1. HP: 10/10 MP: 2/2
     5 | D        | Reached skill level 6 in Stealth
    10 | D        | Noticed Jessica
    14 | D        | Killed Jessica
    15 | D        | Reached skill level 9 in Stealth
    15 | D        | Reached XP level 2. HP: 11/15 MP: 3/3
    19 | D        | Reached XP level 3. HP: 13/18 MP: 4/4
   128 | D        | Reached skill level 10 in Stealth
   290 | D        | Noticed a scorpion
   299 | D        | Killed a scorpion
   300 | D        | Reached skill level 12 in Stealth
   300 | D        | Reached XP level 4. HP: 23/23 MP: 5/5
   349 | D        | Gained mutation: Your natural rate of healing is unusually
                  | fast. [potion of mutation]
   365 | D        | Noticed a water elemental
   368 | D        | Killed a water elemental
   369 | D        | Reached skill level 14 in Stealth
   369 | D        | Reached XP level 5. HP: 28/28 MP: 6/6
   379 | D        | Found a shadowy altar of Dithmenos.
   380 | D        | Found a basalt altar of Yredelemnul.
   380 | D        | Found a sacrificial altar of Ru.
   384 | D        | Became a worshipper of Dithmenos the Shadowed
   386 | D        | Reached skill level 5 in Throwing
   386 | D        | Reached skill level 15 in Stealth
   407 | D        | Found a radiant altar of Vehumet.
   408 | D        | Found a shimmering blue altar of Sif Muna.
   408 | D        | Found an ancient bone altar of Kikubaaqudgha.
   410 | D        | Reached skill level 16 in Stealth
   410 | D        | Reached skill level 1 in Invocations
   410 | D        | Reached XP level 6. HP: 32/32 MP: 7/7
   411 | D        | Reached * piety under Dithmenos
   424 | D        | Found a glowing silver altar of Zin.
   425 | D        | Found a glowing golden altar of the Shining One.
   425 | D        | Found a white marble altar of Elyvilon.
   425 | D        | Noticed a deep elf pyromancer
   439 | D        | Killed a deep elf pyromancer
   440 | D        | Reached skill level 5 in Short Blades
   440 | D        | Reached skill level 19 in Stealth
   440 | D        | Reached XP level 7. HP: 32/37 MP: 8/11
   474 | D        | Found a hide-covered altar of Uskayaw.
   474 | D        | Found an iron altar of Okawaru.
   475 | D        | Found a bloodstained altar of Trog.
   475 | D        | Found an ornate altar of the Wu Jian Council.
   475 | D        | Noticed a human
   475 | D        | Noticed a human
   477 | D        | Killed a human
   478 | D        | Reached skill level 5 in Invocations
   478 | D        | Killed a human
   478 | D        | Reached ** piety under Dithmenos
   479 | D        | Reached skill level 20 in Stealth
   479 | D        | Reached XP level 8. HP: 42/42 MP: 11/13
   599 | D        | Found a blossoming altar of Fedhas.
   599 | D        | Found a stormy altar of Qazlal.
   600 | D        | Found a snail-covered altar of Cheibriados.
   600 | D        | Found a burning altar of Makhleb.
   600 | D        | Found a hazy altar of Hepliaklqana.
   600 | D        | Found a shimmering altar of Xom.
   600 | D        | Found an opulent altar of Gozag.
   600 | D        | Found a sparkling altar of Nemelex Xobeh.
   600 | D        | Found a corrupted altar of Lugonu.
   600 | D        | Found a viscous altar of Jiyva.
   622 | D        | Noticed Erica
   624 | D        | Killed Erica
   625 | D        | Reached skill level 21 in Stealth
   625 | D        | Reached skill level 1 in Evocations
   650 | D        | Reached *** piety under Dithmenos
   651 | D        | Reached skill level 22 in Stealth
   656 | D        | Noticed a centaur warrior
   660 | D        | Killed a centaur warrior
   661 | D        | Reached skill level 23 in Stealth
   661 | D        | Reached XP level 9. HP: 46/46 MP: 15/15
   675 | D        | Noticed an unseen horror
   699 | D        | Killed an unseen horror
   699 | D        | Reached **** piety under Dithmenos
   721 | D        | Noticed a wandering mushroom
   725 | D        | Noticed a wandering mushroom
   732 | D        | Noticed a wandering mushroom
   779 | D        | Killed a wandering mushroom
   780 | D        | Reached skill level 24 in Stealth
   904 | D        | Noticed Donald
   904 | D        | Noticed Frances
   906 | D        | Killed Frances
   907 | D        | Reached skill level 10 in Throwing
   907 | D        | Reached skill level 5 in Dodging
   907 | D        | Reached XP level 10. HP: 49/51 MP: 12/18
   907 | D        | Killed Donald
   907 | D        | Reached ***** piety under Dithmenos
   908 | D        | Reached skill level 25 in Stealth
   908 | D        | Reached skill level 10 in Invocations
   987 | D        | Noticed an obsidian statue
   999 | D        | Found Apoyzoxa's Antique Weapon Emporium.
   999 | D        | Found Voat's Antique Weapon Shop.
   999 | D        | Found Xongaj's Weapon Boutique.
   999 | D        | Found Mugesure's General Store.
   999 | D        | Found Edoige's Weapon Boutique.
   999 | D        | Found Souletai's Magic Scroll Emporium.
   999 | D        | Found Wyluggopn's Magic Scroll Shoppe.
   999 | D        | Found Uvix's Antique Armour Shop.
   999 | D        | Found Vanujowy's Book Emporium.
   999 | D        | Found Dathryaxi's Jewellery Emporium.
   999 | D        | Found Rofrohix's Distillery.
  1038 | D        | Bought 6 curare-tipped darts for 46 gold pieces
  1133 | D        | Noticed an orc knight
  1134 | D        | Found Ilomos's Distillery.
  1134 | D        | Noticed an orc sorcerer
  1134 | D        | Noticed an orc high priest
  1134 | D        | Noticed an orc high priest
  1140 | D        | Killed an orc knight
  1170 | D        | Killed an orc high priest
  1170 | D        | Reached ****** piety under Dithmenos
  1170 | D        | Killed an orc sorcerer
  1171 | D        | Reached skill level 5 in Fighting
  1175 | D        | Reached skill level 26 in Stealth
  1197 | D        | Killed an orc high priest
  1198 | D        | Reached skill level 5 in Evocations
  1272 | D        | Bought a potion of haste for 100 gold pieces
  1272 | D        | Bought a potion of flight for 30 gold pieces
  1272 | D        | Bought a potion of invisibility for 80 gold pieces
  1370 | D        | Bought 3 silver boomerangs for 54 gold pieces
  1377 | D        | Bought a glowing rapier for 154 gold pieces
  1383 | D        | Bought the ring "Uxiwud" {+Blink rF+ rC++ Str-4 Slay+4} for
                  | 1162 gold pieces
  1389 | D        | Bought a potion of haste for 100 gold pieces
  1389 | D        | Bought a potion of heal wounds for 50 gold pieces
  1389 | D        | Bought a potion of might for 40 gold pieces
  1392 | D        | Bought a phantom mirror for 400 gold pieces
  1392 | D        | Bought a potion of heal wounds for 50 gold pieces
  1392 | D        | Bought a scroll of blinking for 75 gold pieces
  1402 | D        | Bought a scroll of immolation for 56 gold pieces
  1404 | D        | Bought a scroll of blinking for 82 gold pieces
  1404 | D        | Bought a scroll of brand weapon for 104 gold pieces
  1414 | D        | Noticed a crystal guardian
  1414 | D        | Noticed a crystal guardian
  1414 | D        | Noticed a crystal guardian
  1414 | D        | Noticed a crystal guardian
  1415 | D        | Killed a crystal guardian
  1416 | D        | Reached XP level 11. HP: 56/56 MP: 20/20
  1418 | D        | Killed a crystal guardian
  1448 | D        | Killed a crystal guardian
  1491 | D        | Killed a crystal guardian
  1492 | D        | Reached skill level 10 in Short Blades
  1510 | D        | Killed an obsidian statue
  1598 | D        | Reached skill level 27 in Stealth
  1799 | D        | Noticed a shock serpent
  1802 | D        | Killed a shock serpent
  1822 | D        | Noticed a centaur warrior
  1838 | D        | Killed a centaur warrior
  1851 | D        | Noticed a brown ugly thing
  1854 | D        | Killed a brown ugly thing
  1908 | D        | Noticed a fire dragon
  1910 | D        | Killed a fire dragon
  1925 | D        | Noticed a +4 vorpal hand axe
  1925 | D        | Noticed a +1 mace of protection
  1925 | D        | Noticed a +3 vampiric war axe
  1926 | D        | Noticed a +0 vampiric halberd
  1927 | D        | Killed a +1 mace of protection
  1929 | D        | Killed a +0 vampiric halberd
  1931 | D        | Killed a +4 vorpal hand axe
  1932 | D        | Reached skill level 15 in Throwing
  1933 | D        | Killed a +3 vampiric war axe
  1937 | D        | Identified the +1 quick blade "Giantbane" {flame, Str+7}
  1959 | D        | Noticed a red ugly thing
  1961 | D        | Noticed a white ugly thing
  1961 | D        | Noticed a yaktaur captain
  1965 | D        | Killed a red ugly thing
  1966 | D        | Reached XP level 12. HP: 59/62 MP: 17/22
  2065 | D        | Killed a yaktaur captain
  2093 | D        | Noticed Chuck
  2112 | D        | Mangled by Chuck

Illustrated notes

Levels and vault maps discovered:
D:        dungeon_sprint_mu [sprint_mu_entry_forest, sprint_mu_temple_rooms,
          sprint_mu_d1_horrors, sprint_mu_d2_genie, sprint_mu_d3_branching,
          sprint_mu_orc_legion, sprint_mu_elf_gauntlet, sprint_mu_hive_nellie,
          sprint_mu_lair_fedhas, sprint_mu_vaults_butterflies,
          sprint_mu_slime_circle, sprint_mu_swamp_cave, sprint_mu_snake_twists,
          sprint_mu_blade_basic, sprint_mu_crypt_fortress,
          sprint_mu_tomb_spiral, sprint_mu_vestibule_basic,
          sprint_mu_gehenna_hellfire, sprint_mu_dis_giant,
          sprint_mu_tartarus_statrot, sprint_mu_cocytus_islands, sprint_mu_zot1]

Skill      XL: |  1  2  3  4  5  6  7  8  9 10 11 12 |
---------------+-------------------------------------+-----
Stealth        | 9 12 14 16 19 20 23 24 26 27 | 27.0
Fighting       | 2 3 4 5 6 |  6.7
Short Blades   | 3 4 5 7 8 9 11 | 11.9
Throwing       | 3 4 5 7 9 10 12 15 | 15.6
Dodging        | 2 3 4 5 6 8 9 |  9.0
Invocations    | 1 4 5 7 9 11 13 | 13.4
Evocations     | 2 3 5 6 7 |  7.2

Action                   |  1- 3 |  4- 6 |  7- 9 | 10-12 || total
-------------------------+-------+-------+-------+-------++-------
Melee: Dagger            |    17 |     9 |    42 |     5 ||    73
       Punch             |       |       |     1 |     5 ||     6
       Short sword       |       |       |       |    56 ||    56
       Rapier            |       |       |       |    56 ||    56
       Quick blade       |       |       |       |    55 ||    55
Throw: Dart              |    11 |     5 |     9 |    42 ||    67
       Boomerang         |       |     1 |    23 |    12 ||    36
Invok: Shadow Step       |       |       |     1 |     3 ||     4
Evoke: Wand              |       |     1 |     5 |     2 ||     8
       Phial of floods   |       |       |       |     3 ||     3
       Phantom mirror    |       |       |       |     2 ||     2
  Use: Potion            |       |     1 |       |     8 ||     9
       Scroll            |       |       |       |     5 ||     5
 Stab: Sleeping          |     2 |     5 |     9 |    17 ||    33
       Paralysed         |       |       |     1 |     2 ||     3
       Distracted        |       |       |       |     3 ||     3
Armor: Robe              |     1 |       |     1 |    13 ||    15
Dodge: Dodged            |     5 |     2 |    27 |    48 ||    82

Table legend: (Time is in decaauts)
 A = Elapsed time spent in this place.
 B = Non-inter-level travel time spent in this place.
 C = Inter-level travel time spent in this place.
 D = Time resting spent in this place.
 E = Time spent auto-exploring this place.
 F = Levels seen in this place.
 G = Mean time per level.
                   A        B        C        D        E       F      G
               +--------+--------+--------+--------+--------+-----+--------+
         Total |   1571 |   1571 |      0 |    492 |     75 |   1 | 1571.0 |
       Dungeon |   1571 |   1571 |      0 |    492 |     75 |   1 | 1571.0 |
               +--------+--------+--------+--------+--------+-----+--------+

Top non-repeatable levels by time:
       D: 1571 daAuts
